cohdb
Replays
Latest Replays
All Replays
Popular Replays
Top Player Replays
Match Explorer
How It Works
Community
CoH3 Stats
Reddit
Sign in to upload your games and track your stats! →
Sign in with Steam
British Bleed out
Match 25026464
Overview
Messages
Build Orders
End
Panzergrenadier Squad
Panzergrenadier Squad
Construct Light Support Kompanie
2.5-tonne Medical Truck
Fire Support Elements
Selects Italian Infantry
Selects Guastatori Squad
Guastatori Squad
Veteran Squad Leaders
Pak 38 Mechanized Group
Selects Registered Artillery
Construct Panzerarmee Kommand
Selects Defensive Operations
Panzer III L Medium Tank
Emergency Repair Kits
Tungsten Core Ammunition
Armored Reserves
Selects Prepared Positions
Panzer IV Assault Group
Vehicle Survival Package
Panzer III L Medium Tank
Registered Artillery
Selects Obice 305mm Barrage
Panzer IV Assault Group
Registered Artillery
Panzerjäger Squad
Panzerjäger Squad
Flak 36 Anti-tank Gun Team
MAPE
Koule2005
sCrApY
oskyks1
[82AD] PaulVmax
Skibana
♨TEA.UP®♨RGeraldo
A Sassy Badger
0
0
Comments
sign in to comment!
No comments posted yet!